 Dungeon Crawl Stone Soup version 0.29-a0-72-g1732ff48e7 (webtiles) character file.

Game seed: 9770137128825909229

18 Zonian the Magician (level 2, -1/21 HPs)
             Began as a Djinni Ice Elementalist on Feb 3, 2022.
             Slain by a hobgoblin (3 damage)
             ... on level 1 of the Dungeon.
             The game lasted 00:01:55 (1607 turns).

Zonian the Magician (Djinni Ice Elementalist)       Turns: 1607, Time: 00:01:55

Health: -1/21      AC:  2    Str:  7    XL:     2   Next: 85%
Gold:   20         EV: 12    Int: 16    God:
                   SH:  0    Dex: 13

rFire   + + .      SeeInvis .   c - +1 whip (freeze)
rCold   x . .      Faith    .   (no shield)
rNeg    . . .      Spirit   .   a - +0 robe
rPois   ∞          Reflect  .   (no helmet)
rElec   .          Harm     .   (no cloak)
rCorr   .          Rampage  .   (no gloves)
Will    .....                   (boots unavailable)
Stlth   ++........              (no amulet)
HPRegen 0.07/turn               (no ring)
MPRegen 0.00/turn               (no ring)

@: flying
A: sickness immunity, fire resistance 2, cold vulnerability 1, float, innate
caster, HP casting, extra vitality 1
a: no special abilities


You were on level 1 of the Dungeon.
You visited 1 branch of the dungeon, and saw 1 of its levels.

You collected 20 gold pieces.

Inventory:

Hand Weapons
 b - a +0 short sword
 c - a +1 whip of freezing (weapon)
Armour
 a - a +0 robe (worn)
Scrolls
 d - a scroll of amnesia {unknown}


   Skills:
 + Level 2.6 Dodging
 + Level 2.0 Stealth
 + Level 3.4 Spellcasting


You couldn't memorise any spells.
You knew the following spells:

 Your Spells              Type           Power      Damage    Failure   Level
a - Freeze                Ice            52%        1d7       4%          1
b - Frozen Ramparts       Ice            26%        1d4       13%         3
c - Ozocubu's Armour      Ice            13%        N/A       13%         3
d - Hailstorm             Conj/Ice       13%        3d5       38%         4
Your spell library was empty.

Dungeon Overview and Level Annotations

Branches:
Dungeon (1/15)

Altars:


Innate Abilities, Weirdness & Mutations

You are immune to sickness and miasma.
You are immune to poison.
Your flesh is very heat resistant. (rF++)
You are vulnerable to cold. (rC-)
You float through the air rather than walking.
You learn spells naturally, not from books.
Your magical power is your life essence.
You have superior vitality. (+4 MHP)


Message History

You closely miss the hobgoblin.
The hobgoblin hits you but does no damage.
You closely miss the hobgoblin. Your punch misses the hobgoblin.
The hobgoblin hits you.
You hit the hobgoblin but do no damage. The hobgoblin completely misses you.
You barely miss the hobgoblin. The hobgoblin barely misses you.
The hobgoblin closely misses you.
You barely miss the hobgoblin. The hobgoblin hits you.
You closely miss the hobgoblin. The hobgoblin barely misses you.
You are too injured to fight recklessly!
You are too injured to fight recklessly!
Casting: Freeze (safe; 4% risk of failure)
Confirm with . or Enter, or press ? or * to list all spells.
Aiming: Freeze (safe; 4% risk of failure)
Press: ? - help, Shift-Dir - straight line, f - hobgoblin
Aim: a hobgoblin You freeze the hobgoblin.
The hobgoblin is moderately wounded.
* * * LOW HITPOINT WARNING * * *
The hobgoblin misses you.
Casting: Freeze (safe; 4% risk of failure)
Confirm with . or Enter, or press ? or * to list all spells.
Aiming: Freeze (safe; 4% risk of failure)
Press: ? - help, Shift-Dir - straight line, f/p - hobgoblin
Aim: a hobgoblin (moderately wounded)
You freeze the hobgoblin.
The hobgoblin is heavily wounded.
* * * LOW HITPOINT WARNING * * *
The hobgoblin hits you.
* * * LOW HITPOINT WARNING * * *
Casting: Freeze (safe; 4% risk of failure)
Confirm with . or Enter, or press ? or * to list all spells.
Aiming: Freeze (safe; 4% risk of failure)
Press: ? - help, Shift-Dir - straight line, f/p - hobgoblin
Aim: a hobgoblin (heavily wounded)
You freeze the hobgoblin.
The hobgoblin is almost dead.
* * * LOW HITPOINT WARNING * * *
The hobgoblin hits you.
You die...

.........#
.........#
K........###
##.......'.
....g....##..#
#'# .(# #.#
..###########
#g#
.............
#@#
#....########
###'##
#....'..# #
#....###....#
♣
#......'....#
♣
#....###....#
♣ ######
#....# ♣
#....# ♣
#....# ♣♣
#....# ♣♣≈


You could see a hobgoblin.

Vanquished Creatures
  An endoplasm (D:1)
  A giant cockroach (D:1)
  3 goblins (D:1)
  A hobgoblin (D:1)
  A quokka (D:1)
  2 ball pythons (D:1)
  2 frilled lizards (D:1)
  6 kobolds (D:1)
  A rat (D:1)
18 creatures vanquished.

Notes
Turn   | Place    | Note
-------+----------+-------------------------------------------
     0 | D:1      | Zonian the Djinni Ice Elementalist began the quest for the
                  | Orb.
     0 | D:1      | Reached XP level 1. HP: 15/15 MP: 0/0
   608 | D:1      | Reached XP level 2. HP: 11/21 MP: 0/0
  1607 | D:1      | Slain by a hobgoblin

Illustrated notes

Levels and vault maps discovered:
D:1:      lemuel_arrival_river_ford, layout_basic, serial_forest,
          infiniplex_forest_lined_3, infiniplex_forest_straight_4,
          infiniplex_forest_straight_5, infiniplex_forest_end_2,
          infiniplex_forest_zigzag_1, infiniplex_forest_straight_2,
          chequers_ecumenical_altar_grove, grunt_decor_mini_mirrors,
          minmay_strange_pillars

Skill      XL: |  1  2 |
---------------+-------+-----
Stealth        | 2 |  2.0
Dodging        | |  2.6
Spellcasting   | |  3.4

Action                   || total
-------------------------++-------
Melee: Unarmed           ||     1
       Whip              ||    18
 Cast: Freeze            ||    25
 Stab: Sleeping          ||     1
Armor: Robe              ||     3
Dodge: Dodged            ||    25

Table legend: (Time is in decaauts)
 A = Elapsed time spent in this place.
 B = Non-inter-level travel time spent in this place.
 C = Inter-level travel time spent in this place.
 D = Time resting spent in this place.
 E = Time spent auto-exploring this place.
 F = Levels seen in this place.
 G = Mean time per level.
                   A        B        C        D        E       F      G
               +--------+--------+--------+--------+--------+-----+--------+
         Total |   1607 |   1607 |      0 |    770 |    665 |   1 | 1607.0 |
       Dungeon |   1607 |   1607 |      0 |    770 |    665 |   1 | 1607.0 |
               +--------+--------+--------+--------+--------+-----+--------+

Top non-repeatable levels by time:
     D:1: 1607 daAuts
